 Dungeon Crawl Stone Soup version 0.26-a0-1147-g3780a7a11b (webtiles) character file.

Game seed: 4917424863138581773

88 night the Insei (level 4, -1/35 HPs)
             Began as a Demonspawn Gladiator on Dec 22, 2020.
             Succumbed to an adder's poison
             ... on level 3 of the Dungeon.
             The game lasted 00:04:10 (2701 turns).

night the Insei (Demonspawn Gladiator)              Turns: 2701, Time: 00:04:10

Health: -1/35      AC:  5    Str: 14    XL:     4   Next: 30%
Magic:  4/4        EV: 11    Int: 10    God:
Gold:   103        SH:  0    Dex: 15    Spells: 3/3 levels left

rFire    . . .     SeeInvis .     - Unarmed
rCold    . . .     Faith    .   (no shield)
rNeg     + . .     Spirit   +   p - +0 ring mail
rPois    .         Reflect  .   (helmet restricted)
rElec    .         Harm     .   (no cloak)
rCorr    .         Rampage  .   (no gloves)
Will     .....                  (no boots)
Stlth    +.........             (no amulet)
HPRegen  0.11/turn              q - ring of positive energy
MPRegen  0.09/turn              (no ring)

@: lethally poisoned (-1 -> -15), flying
A: antennae 1, magic shield
a: no special abilities


You were on level 3 of the Dungeon.
You visited 1 branch of the dungeon, and saw 3 of its levels.

You collected 103 gold pieces.

Inventory:

Missiles
 c - 3 throwing nets (quivered)
 j - 16 poisoned darts
 k - 13 stones
 m - 66 arrows
 n - 70 sling bullets
Armour
 a - a +0 leather armour
 b - a +0 helmet
 p - a +0 ring mail (worn)
Jewellery
 q - a ring of positive energy (left hand)
Scrolls
 g - 2 scrolls of teleportation
 h - 2 scrolls of enchant armour {unknown}
 i - a scroll of magic mapping {unknown}
 l - 2 scrolls of amnesia {unknown}
 s - a scroll of fog {unknown}
Potions
 f - a potion of flight


   Skills:
 + Level 3.0 Fighting
 - Level 1.7 Throwing
 - Level 2.6 Dodging
 * Level 4.1 Unarmed Combat


You had 3 spell levels left.
You didn't know any spells.
Your spell library was empty.

Dungeon Overview and Level Annotations

Branches:
Dungeon (3/15)

Altars:
Ru


Innate Abilities, Weirdness & Mutations

You have a pair of small antennae on your head.
When hurt, damage is shared between your health and your magic reserves.


Message History

* * * LOW HITPOINT WARNING * * *
You feel sick. The adder bites you.
* * * LOW HITPOINT WARNING * * *
Okay, then.
You aren't carrying any items that you can evoke.
Okay, then.
As you read the scroll labelled BIRI OCWEAV, it crumbles to dust.
It is a scroll of identify.
g - 2 scrolls of teleportation
* * * LOW HITPOINT WARNING * * *
You feel sick. The adder barely misses you.
You barely miss the adder.
The adder is heavily wounded.
* * * LOW HITPOINT WARNING * * *
You feel sick. The adder bites you but does no damage.
You hit the adder.
The adder is almost dead.
* * * LOW HITPOINT WARNING * * *
You feel sick. The adder bites you but does no damage.
You die...

. ..< #
#....########.#!#
#....).รท......#
#..####..##.#.#
#...S<@..#
##.####..# #..#
...# .... .##.##
. .. .. .#


You could see an adder.

Vanquished Creatures
  A worker ant (D:3)
  An adder (D:3)
  An ooze (D:1)
  3 worms
  A dart slug (D:1)
  An orc (D:3)
  6 bats
  A giant cockroach (D:1)
  7 goblins
  4 hobgoblins
  3 jackals (D:1)
  6 kobolds
  3 frilled lizards
  4 rats
42 creatures vanquished.

Notes
Turn   | Place    | Note
-------+----------+-------------------------------------------
     0 | D:1      | night the Demonspawn Gladiator began the quest for the Orb.
     0 | D:1      | Reached XP level 1. HP: 16/16 MP: 1/1
    83 | D:1      | Reached skill level 3 in Unarmed Combat
   224 | D:1      | Gained mutation: You have a pair of small antennae on your
                  | head. [demonic ancestry]
   224 | D:1      | Reached XP level 2. HP: 9/22 MP: 2/2
  1195 | D:1      | Gained mutation: When hurt, damage is shared between your
                  | health and your magic reserves. [demonic ancestry]
  1195 | D:1      | Reached XP level 3. HP: 28/28 MP: 3/3
  2178 | D:2      | Found a sacrificial altar of Ru.
  2396 | D:3      | Reached skill level 4 in Unarmed Combat
  2396 | D:3      | Reached XP level 4. HP: 28/34 MP: 1/4
  2697 | D:3      | HP: 5/35 [poisoned by an adder]
  2699 | D:3      | HP: 2/35 [poisoned by an adder]
  2701 | D:3      | Succumbed to an adder's poison

Illustrated notes

Levels and vault maps discovered:
D:1:      heliophobic_arrival_glass_houses, layout_basic, nrook_loot_triangle
D:2:      layout_basic, nicolae_ru_path_of_blood
D:3:      layout_loops_ring, overflow_temple_1_default, uniq_robin,
          uniq_jessica, uniq_grinder

Skill      XL: |  1  2  3  4 |
---------------+-------------+-----
Unarmed Combat | 3 4 |  4.1
Fighting       | 3 |  3.0
Throwing       | |  1.7
Dodging        | |  2.6

Action                   |  1- 3 |  4- 6 || total
-------------------------+-------+-------++-------
Melee: Unarmed           |   192 |    36 ||   228
       Punch             |     1 |       ||     1
  Use: Potion            |     2 |     2 ||     4
       Scroll            |       |     1 ||     1
Armor: Leather armour    |    29 |       ||    29
       Ring mail         |    29 |     7 ||    36
Dodge: Dodged            |   103 |    15 ||   118

Table legend: (Time is in decaauts)
 A = Elapsed time spent in this place.
 B = Non-inter-level travel time spent in this place.
 C = Inter-level travel time spent in this place.
 D = Time resting spent in this place.
 E = Time spent auto-exploring this place.
 F = Levels seen in this place.
 G = Mean time per level.
                   A        B        C        D        E       F      G
               +--------+--------+--------+--------+--------+-----+--------+
         Total |   2687 |   2569 |    118 |    552 |   1606 |   3 |  895.7 |
       Dungeon |   2687 |   2569 |    118 |    552 |   1606 |   3 |  895.7 |
               +--------+--------+--------+--------+--------+-----+--------+

Top non-repeatable levels by time:
     D:1: 1434 daAuts
     D:2: 1121 daAuts
     D:3: 131 daAuts
